 Dungeon Crawl Stone Soup version 0.28-a0-592-g6fc52098c6 (webtiles) character file.

Game seed: 4184898797339801952

128 Antediluvian the Skirmisher (level 5, -1/42 HPs)
             Began as a Formicid Abyssal Knight on Oct 4, 2021.
             Was a Follower of Lugonu.
             Succumbed to a scorpion's poison
             ... on level 4 of the Dungeon.
             The game lasted 00:03:58 (2436 turns).

Antediluvian the Skirmisher (FoAK)                  Turns: 2436, Time: 00:03:59

Health: -1/42      AC: 10    Str: 24    XL:     5   Next: 34%
Magic:  7/7        EV:  5    Int: 10    God:    Lugonu [*.....]
Gold:   49         SH:  0    Dex: 11    Spells: 4/4 levels left

rFire   . . .      SeeInvis +   a - +1 falchion
rCold   . . .      Faith    .   (no shield)
rNeg    . . .      Spirit   .   m - +0 chain mail
rPois   .          Reflect  .   (helmet unavailable)
rElec   .          Harm     .   i - +0 cloak
rCorr   .          Rampage  .   (no gloves)
Will    .....                   (no boots)
Stlth   ..........              (no amulet)
HPRegen 0.14/turn               c - +6 ring of strength
MPRegen 0.10/turn               (no ring)

@: lethally poisoned (-1 -> -26), constricted
A: permanent stasis, dig shafts and tunnels, antennae 3, four strong arms
a: Dig, Shaft Self, Renounce Religion, Depart the Abyss


You were on level 4 of the Dungeon.
You worshipped Lugonu.
Lugonu was aware of your devotion.
You visited 1 branch of the dungeon, and saw 4 of its levels.
You visited the Abyss 1 time.

You collected 49 gold pieces.

Inventory:

Hand Weapons
 a - a +1 falchion (weapon)
Armour
 i - a +0 cloak (worn)
 m - a +0 chain mail (worn)
Jewellery
 c - a +6 ring of strength (left hand)
 g - a ring of resist corrosion
 n - an amulet of faith
Scrolls
 d - a scroll of enchant armour {unknown}
 e - 4 scrolls of identify {unknown}
 f - a scroll of teleportation {unknown}
 h - a scroll of fog {unknown}
 j - a scroll of noise {unknown}
 k - a scroll of enchant weapon {unknown}
 l - a scroll of torment {unknown}
 p - a scroll of amnesia {unknown}
Potions
 b - 2 potions of might {unknown}
 o - a potion of curing {unknown}
 q - a potion of berserk rage {unknown}
 r - a potion of mutation {unknown}


   Skills:
 + Level 4.1 Fighting
 + Level 3.0 Long Blades
 + Level 3.4 Armour
 - Level 0.8 Dodging
 + Level 3.5 Invocations


You had 4 spell levels left.
You didn't know any spells.
Your spell library contained the following spells:

 Spells                   Type           Power      Damage    Failure   Level
 Freeze                   Ice            0%         1d3       95%         1
 Frozen Ramparts          Ice            0%         1d2       100%        3
 Hailstorm                Conj/Ice       0%         3d3       100%        4
 Ice Form                 Ice/Tmut       0%         N/A       100%        4
 Summon Ice Beast         Ice/Summ       0%         N/A       100%        4


Dungeon Overview and Level Annotations

Branches:
Dungeon (4/15)
 Temple: D:4-7

Altars:
Ru
Uskayaw

Annotations:
D:3 1 runed translucent door, Teewurst's ghost, amateur OpTm


Innate Abilities, Weirdness & Mutations

You cannot be hasted, slowed, berserked, paralysed or teleported.
You can dig through walls and to a lower floor.
You have a pair of large antennae on your head. (SInv)
Your four strong arms can wield two-handed weapons with a shield.


Message History

You are poisoned.
The scorpion poisons you! The endoplasm barely misses you.
The ball python bites you but does no damage.
The ball python constricts you.
The scorpion stings you but does no damage.
You hit the scorpion but do no damage.
The scorpion is heavily wounded.
You feel very sick.
The endoplasm hits you but does no damage.
The ball python bites you. The ball python constricts you.
The scorpion stings you.
You are more poisoned.
The scorpion poisons you!
You closely miss the scorpion.
The scorpion is heavily wounded.
You feel very sick.
The ball python bites you but does no damage.
The ball python constricts you.
The scorpion stings you but does no damage.
The endoplasm freezes you.
You are frozen.
The ball python bites you but does no damage.
The ball python constricts you.
You hit the scorpion.
The scorpion is severely wounded.
You feel very sick. The scorpion barely misses you. The endoplasm freezes you.
You are frozen.
The ball python bites you but does no damage.
The ball python constricts you.
The adder skeleton bites you but does no damage.
The scorpion stings you!
* * * LOW HITPOINT WARNING * * *
You are more poisoned.
The scorpion poisons you!
You slash the scorpion!
You kill the scorpion!
Lugonu accepts your kill.
You die...

##### .#
#...##.#
#......#
#......#
#......#
#......#
#.Z....#
......
#@J..>.#
......
#S.....# .....
##...### ...#
#...####...##
#...........#
#...........+
#...........#
#...###....##
#...###....###


You could see an endoplasm, a ball python and an adder skeleton.

Vanquished Creatures
  2 scorpions (D:4)
  3 adders
  An ufetubus (D:4)
  3 dart slugs
  An orc (D:2)
  2 ball pythons (D:1)
  3 bats
  2 endoplasms
  4 goblins
  4 hobgoblins
  A jackal (D:1)
  A frilled lizard (D:2)
  5 kobolds
  A rat (D:1)
33 creatures vanquished.

Notes
Turn   | Place    | Note
-------+----------+-------------------------------------------
     0 | Abyss:1  | Antediluvian the Formicid Abyssal Knight began the quest
                  | for the Orb.
     0 | Abyss:1  | Reached XP level 1. HP: 18/18 MP: 2/2
     0 | D:1      | Escaped the Abyss
    55 | D:1      | Found a faded altar of an unknown god.
   219 | D:1      | Reached XP level 2. HP: 24/24 MP: 3/3
   284 | D:1      | Reached * piety under Lugonu
  1014 | D:2      | Reached XP level 3. HP: 29/29 MP: 3/5
  1178 | D:2      | Found a hide-covered altar of Uskayaw.
  1949 | D:3      | Reached XP level 4. HP: 22/37 MP: 6/6
  2187 | D:3      | Found a sacrificial altar of Ru.
  2272 | D:3      | Found a runed translucent door.
  2277 | D:3      | Noticed Teewurst's ghost (amateur OpTm)
  2366 | D:4      | Noticed a scorpion
  2378 | D:4      | Killed a scorpion
  2379 | D:4      | Reached skill level 4 in Fighting
  2379 | D:4      | Reached XP level 5. HP: 38/42 MP: 7/7
  2436 | D:4      | Succumbed to a scorpion's poison

Illustrated notes

Levels and vault maps discovered:
D:1:      elethiomel_arrival_infinity_welcomes_careful_drivers,
          layout_loops_corners, ebering_ecumenical_altar_hall, st_stairs_3,
          corexii_corridor_pit
D:2:      layout_loops_corners, basic_altar, kennysheep_generic_room_9
D:3:      layout_basic, mainiacjoe_overflow_alcove_4, ebering_ghost_sewer_d
D:4:      layout_gridville, minmay_checkerbox

Skill      XL: |  1  2  3  4 |
---------------+-------------+-----
Invocations    | 3 |  3.5
Armour         | 3 |  3.4
Fighting       | 4 |  4.1
Long Blades    | 3 |  3.0
Dodging        | |  0.8

Action                   |  1- 3 |  4- 6 || total
-------------------------+-------+-------++-------
Melee: Falchion          |    61 |    37 ||    98
Invok: Depart the Abyss  |     1 |       ||     1
Armor: Leather armour    |     4 |       ||     4
       Ring mail         |     3 |       ||     3
       Chain mail        |    16 |    28 ||    44
Dodge: Dodged            |    21 |    18 ||    39

Table legend: (Time is in decaauts)
 A = Elapsed time spent in this place.
 B = Non-inter-level travel time spent in this place.
 C = Inter-level travel time spent in this place.
 D = Time resting spent in this place.
 E = Time spent auto-exploring this place.
 F = Levels seen in this place.
 G = Mean time per level.
                   A        B        C        D        E       F      G
               +--------+--------+--------+--------+--------+-----+--------+
         Total |   2450 |   2362 |     88 |      0 |   2029 |   5 |  490.0 |
       Dungeon |   2450 |   2362 |     88 |      0 |   2029 |   4 |  612.5 |
         Abyss |      0 |      0 |      0 |      0 |      0 |   1 |    0.0 |
               +--------+--------+--------+--------+--------+-----+--------+

Top non-repeatable levels by time:
     D:2: 936 daAuts
     D:1: 933 daAuts
     D:3: 508 daAuts
     D:4: 72 daAuts
